 Dungeon Crawl Stone Soup version 0.26-a0-1181-gd376ed14c5 (webtiles) character file.

Game seed: 13328791274646047675

43 Dirian the Cutter (level 3, -9/23 HPs)
             Began as a Kobold Monk on Dec 25, 2020.
             Killed by nerve-wracking pain
             ... invoked by an orc priest
              (14 damage)
             ... on level 2 of the Dungeon.
             The game lasted 00:01:33 (1222 turns).

Dirian the Cutter (Kobold Monk)                     Turns: 1222, Time: 00:01:36

Health: -9/23      AC:  3    Str:  8    XL:     3   Next: 82%
Magic:  3/3        EV: 17    Int: 11    God:
Gold:   101        SH:  0    Dex: 18    Spells: 2/2 levels left

rFire    . . .     SeeInvis .   a - +0 short sword
rCold    . . .     Faith    .   (shield restricted)
rNeg     . . .     Spirit   .   b - +0 robe
rPois    .         Reflect  .   (no helmet)
rElec    .         Harm     .   (no cloak)
rCorr    .         Rampage  .   j - +0 pair of gloves
Will     .....                  (no boots)
Stlth    ++++......             (no amulet)
HPRegen  0.07/turn              (no ring)
MPRegen  0.08/turn              (no ring)

@: no status effects
A: small, nightstalker 3
a: no special abilities


You were on level 2 of the Dungeon.
You visited 1 branch of the dungeon, and saw 2 of its levels.

You collected 101 gold pieces.

Inventory:

Hand Weapons
 a - a +0 short sword (weapon)
Armour
 b - a +0 robe (worn)
 j - a +0 pair of gloves (worn)
Jewellery
 i - an uncursed ring of see invisible {unknown}
Scrolls
 c - 2 scrolls of random uselessness {unknown}
 d - a scroll of teleportation {unknown}
 e - a scroll of remove curse {unknown}
 f - a scroll of enchant weapon {unknown}
 k - a scroll of identify {unknown}
 l - a scroll of immolation {unknown}
Potions
 g - a potion of heal wounds {unknown}
 h - 2 potions of magic {unknown}
 m - a potion of curing {unknown}


   Skills:
 + Level 3.6 Fighting
 + Level 4.7 Short Blades
 + Level 4.1 Dodging
 + Level 3.7 Stealth


You had 2 spell levels left.
You didn't know any spells.
Your spell library was empty.

Dungeon Overview and Level Annotations

Branches:
Dungeon (2/15)

Altars:


Innate Abilities, Weirdness & Mutations

You are small and have problems with some larger weapons.
You are completely attuned to the shadows.


Message History

The orc wizard is moderately wounded.
The orc wizard misses you.
You hit the orc wizard but do no damage.
The orc wizard is moderately wounded.
The orc wizard gestures wildly while chanting.
The orc wizard blinks!
The orc hits you with a +0 hand axe.
The orc priest calls down the wrath of Beogh upon you.
Pain shoots through your body!
The orc wizard casts a spell.
The orc wizard seems to speed up.
You see here a dart slug corpse.
You hit the orc.
The orc is heavily wounded.
The orc hits you with a +0 hand axe.
* * * LOW HITPOINT WARNING * * *
The orc priest calls down the wrath of Beogh upon you.
Pain shoots through your body!
Ouch! That really hurt!
You die...

#.##.......##...##
..
##.############+##
#.......
###...####.#
#.......##.# #.##
#........#.# ...#
#........#.# ....
###...[.#..#####o..#
#....###..!..@oo..
#####.#.#######.##
#.# # ##


You could see an orc priest, an orc wizard (fast) and an orc.

Vanquished Creatures
  A gnoll (D:1)
  An ooze (D:1)
  A worm (D:2)
  A dart slug (D:2)
  2 leopard geckos
  A goblin (D:1)
  4 hobgoblins
  A quokka (D:2)
  3 bats (D:1)
  2 frilled lizards (D:1)
  3 kobolds
  3 rats (D:1)
23 creatures vanquished.

Notes
Turn   | Place    | Note
-------+----------+-------------------------------------------
     0 | D:1      | Dirian the Kobold Monk began the quest for the Orb.
     0 | D:1      | Reached XP level 1. HP: 14/14 MP: 1/1
   241 | D:1      | Reached XP level 2. HP: 15/19 MP: 2/2
   464 | D:1      | Reached XP level 3. HP: 23/23 MP: 3/3
  1222 | D:2      | Killed from afar by an orc priest

Illustrated notes

Levels and vault maps discovered:
D:1:      lightli_arrival_flooded_house, layout_basic
D:2:      layout_loops_corners, bloody_trog

Skill      XL: |  1  2 |
---------------+-------+-----
Dodging        | 4 |  4.1
Stealth        | 3 |  3.7
Fighting       | |  3.6
Short Blades   | |  4.7

Action                   || total
-------------------------++-------
Melee: Short sword       ||    49
 Stab: Sleeping          ||    15
Armor: Robe              ||     3
Dodge: Dodged            ||    22

Table legend: (Time is in decaauts)
 A = Elapsed time spent in this place.
 B = Non-inter-level travel time spent in this place.
 C = Inter-level travel time spent in this place.
 D = Time resting spent in this place.
 E = Time spent auto-exploring this place.
 F = Levels seen in this place.
 G = Mean time per level.
                   A        B        C        D        E       F      G
               +--------+--------+--------+--------+--------+-----+--------+
         Total |   1215 |   1166 |     49 |      0 |   1028 |   2 |  607.5 |
       Dungeon |   1215 |   1166 |     49 |      0 |   1028 |   2 |  607.5 |
               +--------+--------+--------+--------+--------+-----+--------+

Top non-repeatable levels by time:
     D:1: 1017 daAuts
     D:2: 198 daAuts
